 Dungeon Crawl Stone Soup version 0.23-a0-516-g0f8c245 (webtiles) character file.

93 galech the Covered (level 4, -3/35 HPs)
             Began as a Demonspawn Fighter on Dec 5, 2018.
             Slain by an ice beast (11 damage)
             ... on level 2 of the Dungeon.
             The game lasted 00:01:20 (1249 turns).

galech the Covered (Demonspawn Fighter)             Turns: 1249, Time: 00:01:20

Health: -3/35      AC:  6    Str: 22    XL:     4   Next: 36%
Magic:  4/4        EV:  7    Int:  9    God:
Gold:   45         SH:  9    Dex: 15    Spells: 3/3 levels left

rFire    . . .     SeeInvis +   a - +0 war axe
rCold    . . .     Gourm    .   c - +0 shield
rNeg     . . .     Faith    .   b - +0 scale mail
rPois    .         Spirit   .   (helmet restricted)
rElec    .         Reflect  .   (no cloak)
rCorr    .         Harm     .   (no gloves)
MR       .....                  (no boots)
Stlth    +.........             (no amulet)
HPRegen  0.11/turn              e - ring of see invisible
MPRegen  0.09/turn              (no ring)

@: mighty
A: antennae 1, thin skeletal structure 1
a: no special abilities


You were on level 2 of the Dungeon.
You were not hungry.

You visited 1 branch of the dungeon, and saw 2 of its levels.

You collected 45 gold pieces.

Inventory:

Hand Weapons
 a - a +0 war axe (weapon)
Armour
 b - a +0 scale mail (worn)
 c - a +0 shield (worn)
Jewellery
 e - a ring of see invisible (left hand)
Wands
 m - a wand of paralysis (11)
Scrolls
 i - 2 scrolls of identify {unknown}
 j - a scroll of random uselessness {unknown}
 l - a scroll of fear {unknown}
Potions
 g - a potion of lignification {unknown}
 h - 2 potions of agility {unknown}
 k - a potion of haste {unknown}
 n - a potion of curing {unknown}
Comestibles
 f - 3 rations


   Skills:
 + Level 3.5 Fighting
 + Level 2.3 Axes
 + Level 3.6 Armour
 + Level 0.4 Dodging
 + Level 0.2 Stealth
 + Level 3.1 Shields


You had 3 spell levels left.
You didn't know any spells.
Your spell library was empty.

Dungeon Overview and Level Annotations

Branches:
Dungeon (2/15)

Altars:


Innate Abilities, Weirdness & Mutations

You have a pair of small antennae on your head.
You have a somewhat thin skeletal structure. (Dex +2, Stealth)


Message History

You are too injured to fight recklessly!
You are too injured to fight recklessly!
You are too injured to fight recklessly!
You are too injured to fight recklessly!
You are too injured to fight recklessly!
You are too injured to fight recklessly!
You are too injured to fight recklessly!
You are too injured to fight recklessly!
You are too injured to fight recklessly!
You feel very mighty all of a sudden. You block the ice beast's attack.
You closely miss the ice beast.
The ice beast is lightly wounded.
You block the ice beast's attack.
You slash the ice beast!
The ice beast is severely wounded.
The ice beast closely misses you. The ice beast hits you.
* * * LOW HITPOINT WARNING * * *
The ice beast freezes you!
You die...

..# ####'###
######..#+
### #.#
#.........
#.#
#.........
#.#
#.........
#.#
#######.#.
#.# #.#. #.#
#...
########'###
....
......Y@...#
....
...........#
#..#.
...........#
#..##
########.###
#.# #.. ###
### #.. #.#


You could see an ice beast.

Vanquished Creatures
  4 adders (D:2)
  An ooze (D:2)
  A worm (D:2)
  4 dart slugs
  2 leopard geckos
  A giant cockroach (D:2)
  5 goblins
  9 hobgoblins
  2 kobolds
  A quokka (D:2)
  5 bats
  3 rats
38 creatures vanquished.

Notes
Turn   | Place    | Note
-------+----------+-------------------------------------------
     0 | D:1      | galech the Demonspawn Fighter began the quest for the Orb.
     0 | D:1      | Reached XP level 1. HP: 18/18 MP: 1/1
   147 | D:1      | Gained mutation: You have a somewhat thin skeletal
                  | structure. (Dex +2, Stealth) [demonic ancestry]
   147 | D:1      | Reached XP level 2. HP: 16/24 MP: 2/2
   587 | D:1      | Gained mutation: You have a pair of small antennae on your
                  | head. [demonic ancestry]
   587 | D:1      | Reached XP level 3. HP: 28/29 MP: 3/3
   819 | D:2      | Reached XP level 4. HP: 19/35 MP: 4/4
  1240 | D:2      | Noticed an ice beast
  1249 | D:2      | Slain by an ice beast

Vault maps used:
D:1:      psy_arrival_dodecagon
D:2:      nicolae_underground_beach

Skill      XL: |  1  2  3 |
---------------+----------+-----
Armour         | 3 |  3.6
Axes           | 2 |  2.3
Shields        | 3 |  3.1
Fighting       | |  3.5
Dodging        | |  0.4
Stealth        | |  0.2

Action                   |  1- 3 |  4- 6 || total
-------------------------+-------+-------++-------
Melee: War axe           |    90 |    29 ||   119
  Use: Potion            |       |     1 ||     1
  Eat: Chunk             |       |     1 ||     1
Armor: Scale mail        |    48 |    11 ||    59
Dodge: Dodged            |    21 |    14 ||    35
Block: Shield            |    43 |    15 ||    58

Table legend:
 A = Non-vault XP
 B = Vault XP
 C = Vault XP percentage of total XP
 D = Non-vault monster count
 E = Vault monster count
 F = Vault count percentage of total count
                 A         B        C        D         E       F
            +---------+---------+-------+---------+---------+-------
      Total |     133 |       0 |   0.0 |      38 |       0 |   0.0
            +---------+---------+-------+---------+---------+-------
        D:1 |      44 |       0 |   0.0 |      20 |       0 |   0.0
        D:2 |      89 |       0 |   0.0 |      18 |       0 |   0.0
            +---------+---------+-------+---------+---------+-------
